 Dungeon Crawl Stone Soup version 0.24-a0-580-g6a6c3f83c1 (webtiles) character file.

Game seed: 1009612116658142637

2260 DavidChitty2 the Destroyer (level 9, -5/74 HPs)
             Began as a Grey Draconian Conjurer on Aug 21, 2019.
             Was a Believer of Vehumet.
             Slain by Harold
             ... wielding a +0 trident
              (24 damage)
             ... on level 8 of the Dungeon.
             The game lasted 00:24:16 (10389 turns).

DavidChitty2 the Destroyer (DrCj)                  Turns: 10389, Time: 00:24:17

Health: -5/74      AC: 14    Str: 11    XL:     9   Next: 15%
Magic:  0/25       EV: 12    Int: 18    God:    Vehumet [**....]
Gold:   373        SH:  0    Dex: 12    Spells: 7/18 levels left

rFire    . . .     SeeInvis .   b - +0 falchion (freeze)
rCold    . . .     Gourm    +   (no shield)
rNeg     . . .     Faith    .   (armour unavailable)
rPois    .         Spirit   .   (helmet restricted)
rElec    .         Reflect  .   M - +0 cloak
rCorr    .         Harm     .   q - +0 pair of gloves
MR       +....                  (no boots)
Stlth    ++........             N - amulet of the gourmand
HPRegen  0.22/turn              F - ring of magical power
MPRegen  0.19/turn              l - ring of protection from magic

@: marked
A: walk through water, unfitting armour, unbreathing, cold-blooded, AC +12
a: Renounce Religion


You were on level 8 of the Dungeon.
You worshipped Vehumet.
Vehumet was pleased with you.
You were not hungry.

You visited 2 branches of the dungeon, and saw 9 of its levels.

You collected 373 gold pieces.

Inventory:

Hand Weapons
 a - a +1 war axe of electrocution
   (You took it off an orc on level 3 of the Dungeon)
 b - a +0 falchion of freezing (weapon)
   (You took it off an orc on level 7 of the Dungeon)
 E - a +1 dagger
   (You found it on level 1 of the Dungeon)
Missiles
 f - 3 curare-tipped darts (quivered) {!f}
Armour
 p - a +0 shield
   (You found it on level 3 of the Dungeon)
 q - a +0 pair of gloves (worn)
   (You found it on level 3 of the Dungeon)
 M - a +0 cloak (worn)
   (You found it on level 6 of the Dungeon)
Jewellery
 l - a ring of protection from magic (right hand)
   (You found it on level 3 of the Dungeon)
 o - an uncursed ring of protection from cold
   (You took it off a goblin on level 2 of the Dungeon)
 r - an uncursed ring of ice
   (You found it on level 2 of the Dungeon)
 F - a ring of magical power (left hand)
   (You found it on level 7 of the Dungeon)
 N - an amulet of the gourmand (around neck)
   (You found it on level 8 of the Dungeon)
Wands
 d - a wand of iceblast (11)
   (You found it on level 2 of the Dungeon)
 m - a wand of scattershot (6)
   (You found it on level 3 of the Dungeon)
 t - a wand of flame (15)
   (You found it on level 2 of the Dungeon)
 u - a wand of paralysis (8)
   (You found it on level 4 of the Dungeon)
 x - a wand of acid (17)
   (You found it on level 4 of the Dungeon)
 y - a wand of enslavement (9)
   (You found it on level 7 of the Dungeon)
Scrolls
 c - 2 scrolls of teleportation {@r4}
 i - 5 scrolls of remove curse {@r2}
 A - a scroll of enchant weapon
 G - a scroll of fear
 H - a scroll of magic mapping
Potions
 g - 2 potions of flight {unknown}
 h - 2 potions of lignification {!q}
 j - 2 potions of magic {unknown}
 k - a potion of mutation {unknown}
 n - 2 potions of haste {@q3}
 s - 2 potions of might
 v - 3 potions of curing {@q1}
 w - 2 potions of ambrosia {unknown}
Comestibles
 e - 12 rations {!d}


   Skills:
 + Level 5.5 Fighting
 - Level 1.7 Dodging
 - Level 1.7 Stealth
 + Level 4.1 Shields
 + Level 5.1 Spellcasting
 * Level 8.6 Conjurations
 + Level 3.6 Hexes


You had 7 spell levels left.
You knew the following spells:

 Your Spells              Type           Power        Failure   Level  Hunger
a - Magic Dart            Conj           ####         1%          1    None
s - Searing Ray           Conj           #####.       1%          2    #......
x - Iskenderun's Mystic   Conj           #####...     3%          4    ####...
z - Fulminant Prism       Conj/Hex       ####......   11%         4    ####...

Your spell library contained the following spells:

 Spells                   Type           Power        Failure   Level  Hunger
 Throw Flame              Conj/Fire      ###...       3%          2    #......
 Corona                   Hex            ###....      3%          1    None
 Dazzling Spray           Conj/Hex       ####..       3%          3    ##.....
 Slow                     Hex            ###.....     4%          2    #......
 Inner Flame              Hex/Fire       ##......     19%         3    ##.....
 Portal Projectile        Hex/Tloc       ##....       19%         3    ##.....
 Force Lance              Conj/Tloc      ###.....     22%         4    ####...
 Cause Fear               Hex            ###.......   28%         4    ####...
 Leda's Liquefaction      Hex/Erth       ##........   52%         4    ####...


Dungeon Overview and Level Annotations

Branches:
Dungeon (8/15)             Temple (1/1) D:5
   Lair: D:8-11

Altars:
Ashenzari
Cheibriados
Dithmenos
Elyvilon
Fedhas
Gozag
Hepliaklqana
Kikubaaqudgha
Makhleb
Nemelex Xobeh
Okawaru
Qazlal
Ru
Sif Muna
Trog
Uskayaw
Vehumet
Wu Jian
Xom
Yredelemnul
Zin
The Shining One

Annotations:
D:8 Harold


Innate Abilities, Weirdness & Mutations

You can walk through water.
Your dull iron-grey scales are very hard. (AC +12)
You cannot fit into any form of body armour.
You can survive without breathing.
You are cold-blooded and may be slowed by cold attacks.


Message History

You start resting.
You climb downwards.
Level annotation: Harold
There is a stone staircase leading up, spattered with blood here.
Aim: Harold, wielding a +0 trident and wearing a +0 chain mail The orb of energy hits Harold!
Harold barely misses you.
Aim: Harold, wielding a +0 trident and wearing a +0 chain mail (lightly wounded)
The orb of energy hits Harold!
The orb of energy explodes!
Harold hits you from afar with a +0 trident.
Aim: Harold, wielding a +0 trident and wearing a +0 chain mail (moderately wounded)
The orb of energy hits Harold!
Harold hits you from afar with a +0 trident!
Aim: Harold, wielding a +0 trident and wearing a +0 chain mail (moderately wounded)
The orb of energy hits Harold!!
The orb of energy explodes!
Harold barely misses you.
Aim: Harold, wielding a +0 trident and wearing a +0 chain mail (heavily wounded)
The orb of energy hits Harold!
Harold points at you and mumbles some strange words.
A sentinel's mark forms upon you.
Aim: Harold, wielding a +0 trident and wearing a +0 chain mail (severely wounded)
The orb of energy hits Harold!
Harold gestures at you while chanting.
You barely resist.
Aim: Harold, wielding a +0 trident and wearing a +0 chain mail (almost dead)
The magic dart hits Harold!
Harold gestures at you while chanting. The harpoon shot hits you.
You are yanked forward by the harpoon shot.
Aim: Harold, wielding a +0 trident and wearing a +0 chain mail (almost dead)
The magic dart hits Harold.
Harold yells, "I don't have all day!"
Harold hits you with a +0 trident!
You don't have enough magic to cast that spell.
You hit Harold but do no damage. You tail-slap Harold, but do no damage.
Harold says, "I was hoping my final job would be more of a challenge, but money is money."
Harold hits you with a +0 trident!
* * * LOW HITPOINT WARNING * * *
You hit Harold but do no damage.
Your tail-slap misses Harold.
Harold gestures at you while chanting. The mark upon you grows brighter.
You closely miss Harold. Harold hits you with a +0 trident!
* * * LOW HITPOINT WARNING * * *
Harold hits you with a +0 trident.
* * * LOW HITPOINT WARNING * * *
Aim: Harold, wielding a +0 trident and wearing a +0 chain mail (almost dead)
The magic dart hits Harold.
You hit Harold. You freeze Harold.
Harold points at you and mumbles some strange words.
You barely resist. Harold hits you with a +0 trident!!
You die...

...# #....... #..#
#..####. #..#
..... #.
##..#######.... ##
#.............
#........)...
#......[..... ##
####<..##.. ..
#@..##.# #.
#.@..#.####### #.
#.........@..####.
#...##).#........$
#...##............
#######.>.........
#...........
#...........
###...........


You could see Harold.

Vanquished Creatures
  Psyche (D:7)
  Eustachio (D:6)
  Edmund (D:6)
  An orc warrior (D:6)
  A necrophage (D:7)
  2 centaurs
  5 ogres
  A centaur zombie (D:7)
  2 crimson imps (D:7)
  A hound (D:6)
  2 centaur skeletons
  3 orc priests (D:6)
  6 orc wizards
  Natasha (thrice) (D:2)
  6 worker ants
  A howler monkey zombie (D:6)
  A howler monkey skeleton (D:4)
  3 gnolls (D:2)
  9 adders
  2 shadow imps
  3 oozes
  An adder zombie (D:3)
  2 worms (D:2)
  3 dart slugs
  5 leopard geckos
  37 orcs
  8 giant cockroaches
  6 goblins
  8 hobgoblins
  11 jackals
  7 kobolds
  2 quokkas
  6 bats
  7 frilled lizards
  A jackal skeleton (D:5)
  A quokka skeleton (D:8)
  6 rats
166 creatures vanquished.

Vanquished Creatures (others)
  4 fulminant prisms (D:8)
4 creatures vanquished.

Grand Total: 170 creatures vanquished

Notes
Turn   | Place    | Note
-------+----------+-------------------------------------------
     0 | D:1      | DavidChitty2 the Draconian Conjurer began the quest for the
                  | Orb.
     0 | D:1      | Reached XP level 1. HP: 14/14 MP: 3/3
   242 | D:1      | Reached XP level 2. HP: 22/22 MP: 1/5
   424 | D:1      | Learned a level 2 spell: Searing Ray
   526 | D:1      | Reached skill level 1 in Fighting
   943 | D:1      | Reached XP level 3. HP: 28/28 MP: 4/6
  1498 | D:2      | Noticed Natasha
  1848 | D:2      | Reached XP level 4. HP: 36/36 MP: 4/8
  1876 | D:2      | Reached skill level 5 in Conjurations
  1952 | D:2      | Learned a level 4 spell: Iskenderun's Mystic Blast
  2008 | D:2      | Found a stormy altar of Qazlal.
  2334 | D:2      | Found a radiant altar of Vehumet.
  2334 | D:2      | Found a white marble altar of Elyvilon.
  2339 | D:2      | Found a shattered altar of Ashenzari.
  2341 | D:2      | Found a faded altar of an unknown god.
  2342 | D:2      | Found a faded altar of an unknown god.
  2643 | D:2      | Killed Natasha
  2680 | D:2      | Noticed Natasha
  2687 | D:2      | Killed Natasha
  2687 | D:2      | Reached XP level 5. HP: 42/42 MP: 3/9
  2703 | D:2      | Noticed Natasha
  2774 | D:2      | Killed Natasha
  2840 | D:2      | Found a radiant altar of Vehumet.
  2840 | D:2      | Found a white marble altar of Elyvilon.
  2845 | D:2      | Found a shattered altar of Ashenzari.
  2848 | D:2      | Became a worshipper of Vehumet
  4057 | D:3      | Reached * piety under Vehumet
  4057 | D:3      | Offered knowledge of Freeze by Vehumet.
  4064 | D:3      | Reached XP level 6. HP: 50/50 MP: 1/11
  4154 | D:3      | Learned a level 4 spell: Fulminant Prism
  4169 | D:3      | Found a hide-covered altar of Uskayaw.
  4707 | D:4      | Reached skill level 6 in Conjurations
  5098 | D:4      | Reached skill level 1 in Shields
  5098 | D:4      | Reached skill level 1 in Hexes
  5659 | D:5      | Entered Level 5 of the Dungeon
  5726 | D:5      | Your scales start taking on a dull iron-grey colour.
  5726 | D:5      | Reached XP level 7. HP: 51/57 MP: 3/12
  5726 | D:5      | Gained mutation: You can survive without breathing. [Grey
                  | Draconian growth]
  5860 | D:5      | Found a blossoming altar of Fedhas.
  5948 | D:5      | You fall into a shaft and drop 3 floors!
  6123 | D:7      | Reached ** piety under Vehumet
  6123 | D:7      | Offered knowledge of Flame Tongue by Vehumet.
  7223 | D:6      | Found a bloodstained altar of Trog.
  7258 | D:6      | Reached skill level 7 in Conjurations
  7283 | D:6      | Reached XP level 8. HP: 48/66 MP: 0/14
  7620 | D:5      | Found a staircase to the Ecumenical Temple.
  7714 | Temple   | Entered the Ecumenical Temple
  8307 | D:6      | Noticed Edmund
  8595 | D:6      | Killed Edmund
  8595 | D:6      | Offered knowledge of Throw Flame by Vehumet.
  8801 | D:6      | Found a snail-covered altar of Cheibriados.
  8861 | D:6      | Noticed Eustachio
  8874 | D:6      | Killed Eustachio
  8874 | D:6      | Reached skill level 5 in Fighting
  8874 | D:6      | Reached skill level 8 in Conjurations
  8941 | D:6      | Found a hazy altar of Hepliaklqana.
  9605 | D:8      | Noticed Harold
  9606 | D:8      | Reached skill level 5 in Spellcasting
  9689 | D:8      | Noticed Psyche
  9717 | D:7      | Killed Psyche
  9717 | D:7      | Reached XP level 9. HP: 9/74 MP: 1/16
 10389 | D:8      | Slain by Harold

Levels and vault maps discovered:
D:1:      zaba_arrival_water, layout_rooms
D:2:      layout_basic, chequers_temple_overflow_minitemple,
          nicolae_qazlal_general_emergency, uniq_natasha
D:3:      layout_loops_ring, eat_drink_and_be_merry_uskayaw, first_ration
D:4:      layout_basic
D:5:      layout_cave_pools, kennysheep_little_box,
          minmay_temple_entry_purple_smoke
D:6:      layout_rooms, bloody_trog, kennysheep_mini,
          lemuel_coloured_pillars_altar, chequers_serial_rivers_room_b,
          minmay_misc_feat_five, uniq_eustachio, uniq_edmund
D:7:      layout_basic
D:8:      layout_rooms, the_bakery, uniq_harold, uniq_psyche
Temple:   dpeg_chambers_temple

Skill      XL: |  1  2  3  4  5  6  7  8 |
---------------+-------------------------+-----
Fighting       | 1 2 3 4 5 |  5.5
Conjurations   | 5 6 7 8 |  8.6
Spellcasting   | 3 4 5 |  5.1
Shields        | 1 2 4 |  4.1
Hexes          | 1 2 3 |  3.6
Dodging        | |  1.7
Stealth        | |  1.7

Action                   |  1- 3 |  4- 6 |  7- 9 || total
-------------------------+-------+-------+-------++-------
Melee: Unarmed           |    35 |       |       ||    35
       Tailslap          |     3 |     4 |     4 ||    11
       Dagger            |       |    17 |       ||    17
       War axe           |       |     3 |       ||     3
       Falchion          |       |       |    26 ||    26
 Cast: Magic Dart        |    78 |   156 |   192 ||   426
       Searing Ray       |     4 |    11 |    18 ||    33
       Iskenderun's Myst |       |       |    20 ||    20
       Fulminant Prism   |       |       |     4 ||     4
  Use: Scroll            |       |    10 |     7 ||    17
       Potion            |       |       |     1 ||     1
  Eat: Chunk             |     3 |    13 |    14 ||    30
       Ration            |       |       |     2 ||     2
Armor: Skin              |    17 |    29 |    57 ||   103
Dodge: Dodged            |    43 |    58 |    90 ||   191
       Rpst.: Falchion   |       |       |    21 ||    21

Table legend:
 A = Non-vault XP
 B = Vault XP
 C = Vault XP percentage of total XP
 D = Non-vault monster count
 E = Vault monster count
 F = Vault count percentage of total count
                 A         B        C        D         E       F
            +---------+---------+-------+---------+---------+-------
      Total |    2456 |     773 |  23.9 |     162 |       4 |   2.4
            +---------+---------+-------+---------+---------+-------
        D:1 |      49 |       0 |   0.0 |      25 |       0 |   0.0
        D:2 |     184 |      35 |  16.0 |      30 |       1 |   3.2
        D:3 |     142 |       0 |   0.0 |      31 |       0 |   0.0
        D:4 |     301 |       0 |   0.0 |      16 |       0 |   0.0
        D:5 |     160 |       0 |   0.0 |      11 |       0 |   0.0
        D:6 |     921 |     349 |  27.5 |      25 |       2 |   7.4
        D:7 |     324 |     389 |  54.6 |      16 |       1 |   5.9
        D:8 |     375 |       0 |   0.0 |       8 |       0 |   0.0
            +---------+---------+-------+---------+---------+-------
